AoeStats
← asuna

Nomad

510376284Analyzed
4v4 RM · 19h ago on Sep 30, 2026· 52m 6s· 8 players
Game mode
Random Map
Map size
231×231
Population
200
Speed
Normal
Resources
Standard
Victory
Conquest
Starting age
Dark Age
Ending age
Imperial Age
RankedLock teamsTeams togetherTeam positionsShared explorationLock speedFull tech treeHidden civsTurbo modeCheats
Victory
Defeat
🇫🇷 Japanese · France
865
+16
🇨🇳 Huns · China
850
+17
🇲🇽 Varangians · Mexico
821
+18
🇨🇳 Malians · China
793
+35
🇧🇷 Hindustanis · Brazil
920
-20
🇺🇸 Inca · United States
906
-19
🇹🇷 Huns · Türkiye
828
-16
🇧🇷 Goths · Brazil
812
-15
Quetzal!
3:49 Loom
16:13 Feudal Age
17:58 Double-Bit Axe
18:01 Fishing Lines
19:30 Wheelbarrow
18:41 Town Watch
19:09 Horse Collar
23:30 Castle Age
24:59 Bloodlines
24:50 Husbandry
26:47 Gold Mining
26:48 Stone Mining
27:19 Bow Saw
29:05 Heavy Plow
31:14 Hand Cart
31:01 Town Patrol
33:48 Vendel Legacy
35:59 Stone Shaft Mining
38:05 Forging
38:02 Scale Barding Armor
37:47 Fletching
41:34 Imperial Age
41:34 Iron Casting
41:21 Chain Barding Armor
40:56 Bodkin Arrow
42:32 Cavalier
43:55 Plate Barding Armor
43:56 Elite Varangian Guard
44:21 Arson
44:37 Squires
44:22 Gambesons
44:43 Scale Mail Armor
47:15 Gothikon
48:15 Conscription
47:41 Elite Jarl
49:58 Caravan
52:09 Blast Furnace
51:24 Chain Mail Armor
51:12 Bracer
F-I-R-O
4:03 Loom
14:27 Feudal Age
14:53 Fishing Lines
17:27 Double-Bit Axe
17:36 Stone Mining
17:57 Gold Mining
19:57 Wheelbarrow
23:28 Castle Age
21:50 Horse Collar
24:17 Padded Archer Armor
24:45 Heavy Plow
25:22 Gold Shaft Mining
24:58 Bow Saw
41:24 Hand Cart
49:41 Imperial Age
50:42 Forging
50:35 Scale Mail Armor
50:01 Elite Skirmisher
50:46 Thumb Ring
52:01 Two-Man Saw
51:21 Padded Archer Armor
51:11 Fletching
52:03 Town Watch
52:41 Conscription
52:42 Kataparuto
1829032
7:26 Loom
15:22 Feudal Age
16:18 Double-Bit Axe
19:14 Horse Collar
24:41 Castle Age
23:26 Bloodlines
23:19 Fletching
24:56 Forging
24:52 Scale Barding Armor
24:50 Scale Mail Armor
24:45 Gold Mining
26:30 Wheelbarrow
27:07 Bow Saw
26:54 Town Watch
34:17 Bodkin Arrow
36:38 Padded Archer Armor
36:08 Elite Skirmisher
42:38 Imperial Age
46:53 Imperial Age
44:40 Hand Cart
49:47 Bracer
51:57 Husbandry
499557901
14:06 Feudal Age
12:26 Loom
23:28 Double-Bit Axe
23:28 Horse Collar
26:49 Castle Age
25:28 Wheelbarrow
28:42 Crossbowman
29:53 Gold Mining
30:31 Fletching
31:51 Bodkin Arrow
32:07 Forging
36:47 Hand Cart
36:43 Stone Mining
41:16 Iron Casting
42:28 Thumb Ring
44:39 Scale Mail Armor
44:39 Padded Archer Armor
49:17 Imperial Age
46:37 Town Watch
49:27 Arbalester
50:27 Chain Mail Armor
50:27 Leather Archer Armor
51:43 Plate Mail Armor
MetaGing
9:57 Loom
16:57 Feudal Age
17:28 Double-Bit Axe
17:26 Horse Collar
22:51 Castle Age
22:31 Fletching
27:31 Bodkin Arrow
28:13 Crossbowman
29:59 Squires
30:53 Thumb Ring
37:17 Imperial Age
34:46 Champi Runner
36:10 Pikeman
37:28 Scale Mail Armor
38:55 Forging
39:07 Chain Mail Armor
38:28 Arbalester
39:02 Halberdier
41:19 Iron Casting
40:50 Arson
FSaka
5:31 Loom
14:36 Feudal Age
15:16 Town Watch
19:38 Wheelbarrow
21:59 Castle Age
20:15 Double-Bit Axe
21:48 Horse Collar
23:39 Forging
23:50 Pikeman
24:55 Scale Mail Armor
36:20 Anarchy
37:48 Stone Mining
38:47 Gold Mining
41:54 Bow Saw
46:54 Imperial Age
46:36 Heavy Plow
Pilgrim
5:13 Loom
16:28 Feudal Age
17:32 Fishing Lines
20:33 Wheelbarrow
19:50 Double-Bit Axe
24:49 Castle Age
25:02 Bloodlines
24:54 Gold Mining
25:02 Stone Mining
24:53 Horse Collar
31:55 Hand Cart
32:36 Bow Saw
44:40 Gold Shaft Mining
44:08 Heavy Plow
53:22 Imperial Age
asuna
12:33 Loom
14:29 Feudal Age
20:52 Castle Age
19:39 Double-Bit Axe
19:39 Horse Collar
20:33 Stone Mining
20:59 Fishing Lines
23:33 Bow Saw
27:40 Wheelbarrow
36:28 Imperial Age
41:06 Hand Cart
40:59 Scale Barding Armor
41:05 Forging
41:56 Marauders
43:53 Husbandry
44:03 Bloodlines
44:18 Town Watch
46:54 Heavy Plow
48:38 Elite Tarkan
49:28 Town Patrol
Connection lost

Rejoining the realm…

Still unreachable

The connection could not be restored.

Session expired

The server has moved on; the page needs a fresh start.